 Dungeon Crawl Stone Soup version 0.23.1 (webtiles) character file.

Game seed: 1865392938462712550

905 Peloso the Slasher (level 7, 0/61 HPs)
             Began as a Minotaur Fighter on Mar 11, 2019.
             Slain by Menkaure (13 damage)
             ... on level 6 of the Dungeon.
             The game lasted 00:08:07 (4344 turns).

Peloso the Slasher (Minotaur Fighter)               Turns: 4344, Time: 00:08:07

Health: 0/61       AC: 11    Str: 21    XL:     7   Next: 80%
Magic:  6/6        EV:  7    Int:  9    God:
Gold:   225        SH: 10    Dex: 11    Spells: 6/6 levels left

rFire    + . .     SeeInvis +   a - +0 long sword
rCold    x . .     Gourm    .   c - +0 shield
rNeg     . . .     Faith    +   e - +0 chain mail
rPois    .         Spirit   .   (helmet restricted)
rElec    .         Reflect  .   j - +0 cloak
rCorr    .         Harm     .   (no gloves)
MR       .....                  (no boots)
Stlth    ..........             x - amulet of faith
HPRegen  0.20/turn              w - ring of see invisible
MPRegen  0.10/turn              o - ring of Niochoiriec {Fire Int+4}

@: no status effects
A: retaliatory headbutt, horns 2
a: no special abilities


You were on level 6 of the Dungeon.
You were hungry.

You visited 1 branch of the dungeon, and saw 6 of its levels.
You also visited: Sewer.

You collected 225 gold pieces.

Inventory:

Hand Weapons
 a - a +0 long sword (weapon)
 u - a +2 short sword of flaming
Armour
 b - a +0 scale mail
 c - a +0 shield (worn)
 e - a +0 chain mail (worn)
 j - a +0 cloak (worn)
Jewellery
 h - an uncursed ring of flight
 o - the ring of Niochoiriec (right hand) {Fire Int+4}
   (You found it on level 4 of the Dungeon)

   [ring of fire]

   It enhances your fire magic.
   It affects your intelligence (+4).
   It protects you from fire.
   It makes you vulnerable to cold.
 w - a ring of see invisible (left hand)
 x - an amulet of faith (around neck)
Scrolls
 g - 6 scrolls of identify
 k - 2 scrolls of teleportation
 n - a scroll of fog
 s - 4 scrolls of remove curse
Potions
 d - 2 potions of might
 i - 6 potions of curing
 l - 3 potions of brilliance
 m - 3 potions of flight {unknown}
 p - a potion of mutation {unknown}
 q - 2 potions of agility {unknown}
 r - 6 potions of heal wounds {unknown}
 t - a potion of resistance {unknown}
Comestibles
 f - 9 rations


   Skills:
 + Level 5.3 Fighting
 + Level 6.7 Long Blades
 + Level 5.5 Armour
 + Level 2.1 Dodging
 + Level 0.5 Stealth
 + Level 6.7 Shields


You had 6 spell levels left.
You didn't know any spells.
Your spell library contained the following spells:

 Spells                   Type           Power        Failure   Level  Hunger
 Confusing Touch          Hex            #.....       100%        1    ##.....
 Magic Dart               Conj           #...         100%        1    ##.....
 Blink                    Tloc           N/A          100%        2    ###....
 Call Imp                 Summ           #.......     100%        2    ###....
 Slow                     Hex            #.......     100%        2    ###....
 Confuse                  Hex            #.......     100%        3    ####...
 Conjure Flame            Conj/Fire      #.......     100%        3    ####...
 Gell's Gravitas          Tloc           #.........   100%        3    ####...
 Mephitic Cloud           Conj/Pois/Air  #.......     100%        3    ####...
 Petrify                  Tmut/Erth      #.......     100%        4    #####..
 Metabolic Englaciation   Hex/Ice        #.........   100%        5    ######.
 Yara's Violent Unravell  Hex/Tmut       #.........   100%        5    ######.


Dungeon Overview and Level Annotations

Branches:
Dungeon (6/15)
 Temple: D:4-7

Altars:
Cheibriados
Fedhas
Gozag
Makhleb
Ru
Vehumet
Wu Jian
Xom
The Shining One

Annotations:
D:6 Menkaure


Innate Abilities, Weirdness & Mutations

You reflexively headbutt those who attack you in melee.
You have a pair of horns on your head.


Message History

Menkaure shouts!
Menkaure casts a spell.
Menkaure seems to speed up.
Menkaure is nearby!
Menkaure is nearby!
Menkaure hits you but does no damage.
You hit Menkaure.
Menkaure is lightly damaged.
Menkaure gestures at you while chanting.
Pain shoots through your body!
Menkaure calls on the powers of darkness!
Your body is wracked with pain!
You slash Menkaure!
Menkaure is moderately damaged.
Menkaure hits you!
* * * LOW HITPOINT WARNING * * *
You slash Menkaure!
Menkaure is severely damaged.
Menkaure hits you!
You die...

.. #.... #.# # #....
#.####.###....
#............. ##
#.....≈P......
####.#####.##..♣≈♣.....
............#.P≈♣≈.....
####.M.#.....♣≈≈♣.....
#.@###......P......
#### ##...#####....
##.## #..<. ### #...#
#####


You could see Menkaure.

Vanquished Creatures
  A sky beast (D:5)
  A centaur (D:6)
  4 big kobolds (Sewer)
  An orc priest (D:4)
  A hound (D:5)
  A centaur skeleton (D:3)
  5 worker ants
  2 orc wizards (D:4)
  4 adders
  A river rat (D:5)
  4 oozes
  2 worms
  A dart slug (D:1)
  A leopard gecko (D:5)
  15 orcs
  9 giant cockroaches
  10 goblins
  2 hobgoblins
  12 jackals
  2 quokkas
  5 ball pythons
  6 bats
  10 frilled lizards
  14 kobolds
  A leopard gecko skeleton (D:5)
  11 rats
126 creatures vanquished.

Notes
Turn   | Place    | Note
-------+----------+-------------------------------------------
     0 | D:1      | Peloso the Minotaur Fighter began the quest for the Orb.
     0 | D:1      | Reached XP level 1. HP: 19/19 MP: 0/0
   197 | D:1      | Reached XP level 2. HP: 15/27 MP: 1/1
   569 | D:1      | Reached XP level 3. HP: 30/33 MP: 2/2
  1235 | D:2      | Reached skill level 1 in Dodging
  1320 | D:2      | Reached XP level 4. HP: 38/40 MP: 3/3
  1487 | D:3      | Found a radiant altar of Vehumet.
  1622 | D:3      | Reached skill level 5 in Shields
  1919 | D:4      | Reached XP level 5. HP: 7/46 MP: 4/4
  1924 | D:4      | Got a faintly glowing ivory ring
  1933 | D:4      | Identified the ring of Niochoiriec {Fire Int+4} (You found
                  | it on level 4 of the Dungeon)
  2590 | D:4      | Found a sacrificial altar of Ru.
  2662 | D:4      | Found a burning altar of Makhleb.
  2667 | D:4      | Reached XP level 6. HP: 53/53 MP: 5/5
  2676 | D:4      | Found a shimmering altar of Xom.
  2676 | D:4      | Found a snail-covered altar of Cheibriados.
  2678 | D:4      | Found a blossoming altar of Fedhas.
  2758 | D:4      | Found an opulent altar of Gozag.
  2924 | D:4      | Found an ornate altar of the Wu Jian Council.
  3264 | D:5      | Entered Level 5 of the Dungeon
  3283 | D:5      | Noticed a sky beast
  3297 | D:5      | Killed a sky beast
  3365 | D:5      | Reached skill level 5 in Long Blades
  3443 | D:5      | Found a glowing drain.
  3471 | Sewer    | Entered a sewer
  3547 | Sewer    | Reached skill level 5 in Fighting
  3547 | Sewer    | Reached skill level 5 in Armour
  3547 | Sewer    | Reached XP level 7. HP: 44/61 MP: 6/6
  3859 | D:5      | Found a glowing golden altar of the Shining One.
  4339 | D:6      | Noticed Menkaure
  4344 | D:6      | Slain by Menkaure

Skill      XL: |  1  2  3  4  5  6  7 |
---------------+----------------------+-----
Armour         | 4 5 |  5.5
Shields        | 4 5 6 |  6.7
Dodging        | 1 2 |  2.1
Fighting       | 4 5 |  5.3
Long Blades    | 3 4 5 6 |  6.7
Stealth        | |  0.5

Action                   |  1- 3 |  4- 6 |  7- 9 || total
-------------------------+-------+-------+-------++-------
Melee: Long sword        |   113 |   183 |    72 ||   368
       Headbutt          |    13 |    29 |    12 ||    54
  Use: Potion            |       |     1 |       ||     1
       Scroll            |       |     5 |     1 ||     6
  Eat: Chunk             |     2 |     6 |     3 ||    11
Armor: Chain mail        |    80 |   105 |    45 ||   230
Dodge: Dodged            |    34 |    45 |    27 ||   106
Block: Shield            |    69 |   101 |    43 ||   213
       Rpst.: Long sword |     6 |    13 |    11 ||    30
